AoeStats
← Vegee

MegaRandom

511608564Analyzed
2v2 RM · 11d ago on Oct 5, 2026· 77m 12s· 4 players
Game mode
Random Map
Map size
Medium (4 player)
Population
200
Speed
Normal
Resources
Standard
Victory
Conquest
Starting age
Dark Age
Ending age
Imperial Age
RankedLock teamsTeams togetherTeam positionsShared explorationLock speedFull tech treeHidden civsTurbo modeCheats
Victory
Defeat
🇵🇱 Khmer · Poland
1349
+11
🇳🇱 Britons · Netherlands
1109
+20
vs
🇬🇧 Sicilians · United Kingdom
1219
-16
🇬🇧 Saxons · United Kingdom
1210
-15
King_Alibaba
6:58 Loom
9:29 Feudal Age
10:29 Double-Bit Axe
10:26 Horse Collar
16:27 Wheelbarrow
21:07 Castle Age
19:14 Gold Mining
20:44 Stone Mining
21:41 Scale Mail Armor
21:52 Forging
24:58 Heavy Plow
25:12 Bow Saw
27:21 Chain Mail Armor
27:42 Iron Casting
28:07 Squires
32:48 Hand Cart
33:01 Town Watch
36:32 Imperial Age
35:39 Town Patrol
36:34 Fletching
37:57 Onager
40:12 Conscription
41:36 Plate Mail Armor
44:24 Elite Varangian Guard
50:03 Arson
55:00 Scale Barding Armor
58:20 Bloodlines
58:11 Husbandry
57:32 Light Cavalry
59:06 Chain Barding Armor
59:02 Hussar
67:10 Coinage
71:17 Banking
70:57 Guilds
73:45 Gambesons
74:58 Pikeman
Vegee
10:52 Feudal Age
11:23 Loom
12:54 Double-Bit Axe
15:22 Castle Age
13:34 Horse Collar
23:01 Wheelbarrow
22:29 Stone Mining
23:47 Fletching
28:22 Hand Cart
28:32 Gold Mining
29:04 Bow Saw
29:33 Town Watch
30:23 Murder Holes
30:49 Ballistics
30:33 Heavy Plow
31:12 Gold Shaft Mining
34:11 Imperial Age
32:27 First Crusade
32:52 Scale Mail Armor
33:53 Chain Mail Armor
33:48 Forging
33:34 Bodkin Arrow
35:40 Elite Serjeant
36:41 Conscription
36:53 Plate Mail Armor
36:59 Iron Casting
36:25 Bracer
37:15 Stone Shaft Mining
36:55 Capped Ram
38:03 Siege Ram
41:10 Caravan
48:29 Light Cavalry
49:20 Bloodlines
49:11 Husbandry
49:18 Scale Barding Armor
50:14 Blast Furnace
50:24 Chain Barding Armor
60:43 Chemistry
59:31 Onager
72:14 Arrowslits
72:40 Masonry
75:12 Plate Barding Armor
Robin5hood
0:36 Loom
10:09 Feudal Age
10:49 Double-Bit Axe
14:02 Wheelbarrow
13:47 Forging
15:12 Bloodlines
15:41 Horse Collar
20:37 Castle Age
19:08 Scale Barding Armor
20:55 Light Cavalry
21:35 Husbandry
22:03 Chain Barding Armor
23:56 Town Watch
24:21 Fletching
25:31 Bow Saw
32:44 Imperial Age
33:48 Ballistics
34:28 Chemistry
34:09 Hand Cart
35:03 Heavy Scorpion
37:52 Conscription
38:02 Hussar
38:47 Bodkin Arrow
40:16 Iron Casting
42:09 Bracer
44:16 Plate Barding Armor
46:57 Masonry
70:27 Blast Furnace
jendrooh
8:08 Loom
10:19 Feudal Age
15:04 Castle Age
14:57 Double-Bit Axe
24:20 Fletching
24:15 Crossbowman
24:59 Squires
30:48 Imperial Age
29:34 Padded Archer Armor
29:30 Bodkin Arrow
31:01 Bow Saw
31:54 Conscription
33:46 Chemistry
34:22 Ballistics
34:29 Leather Archer Armor
34:55 Pikeman
36:16 Yeomen
36:39 Bracer
37:09 Ring Archer Armor
48:06 Light Cavalry
Connection lost

Rejoining the realm…

Still unreachable

The connection could not be restored.

Session expired

The server has moved on; the page needs a fresh start.